 Dungeon Sprint DCSS version 0.17-a0-1650-gce8475a (webtiles) character file.

71799 Kidiri the Imperceptible (level 13, -14/55 HPs)
             Began as a Spriggan Enchanter on Aug 13, 2015.
             Was the Champion of Dithmenos.
             Shot with a bolt by a yaktaur captain (26 damage)
             ... while paralysed
             ... in the Dungeon (Sprint III: "The Ten Rune Challenge").
             The game lasted 00:30:23 (5329 turns).

Kidiri the Imperceptible (Spriggan Enchanter)       Turns: 5329, Time: 00:30:23

Health: -14/55     AC:  0    Str: -1    XL:     13   Next: 92%
Magic:  26/36      EV:  5    Int: 19    God:    Dithmenos [******]
Gold:   3581       SH:  0    Dex: 24    Spells: 13 memorised, 6 levels left

rFire  . . .     SeeInvis +     (weapon currently unavailable)
rCold  . . .     Clarity  .     (armour currently unavailable)
rNeg   . . .     SustAt   .     (shield currently unavailable)
rPois  .         Gourm    .     (helmet currently unavailable)
rElec  .         Spirit   .     (cloak currently unavailable)
rCorr  .         Warding  .     (gloves unavailable)
rMut   .         NoTele   +     (boots unavailable)
MR     ++...                    (no amulet)
Stlth  ++++++++++               (ring currently unavailable)
                                (ring currently unavailable)

@: paralysed, bat-form, flying, slowed, lost strength, wreathed by umbra, very
quick, very resistant to hostile enchantments, uncannily stealthy
A: unfitting armour, see invisible, herbivore 3, (speed 0), slow metabolism 2
a: Shadow Step, Shadow Form, Renounce Religion
}: 2/10 runes: decaying, serpentine


You were in the Dungeon.
You worshipped Dithmenos.
Dithmenos was exalted by your worship.
You were not hungry.
You were in bat-form.
You visited 1 branch You collected 4060 gold pieces.
You spent 479 gold pieces at shops.

Inventory:

Hand weapons
 j - a +5 quick blade (melded)
Armour
 c - the +2 cloak of Weirdness (melded) {-Tele rElec MR+}
   (You bought it in a shop in the Dungeon)

   It insulates you from electricity.
   It affects your resistance to hostile enchantments.
   It prevents most forms of teleportation.
 d - a +2 robe of fire resistance (melded)
 k - a +0 cloak
 m - a +0 hat of intelligence (melded)
Magical devices
 f - a wand of frost (15)
Scrolls
 o - 2 scrolls of remove curse
 u - a scroll of recharging
Potions
 e - a potion of might
 g - a potion of haste
 h - a potion of brilliance
 i - a potion of berserk rage
 l - a potion of cancellation
 q - 2 potions of cure mutation
 r - 4 potions of flight
Comestibles
 b - 10 fruits
 p - 28 royal jellies


   Skills:
 + Level 12.4 Short Blades
 * Level 20.7 Dodging
 * Level 22.2 Stealth
 * Level 18.0 Spellcasting
 + Level 8.6 Conjurations
 + Level 13.8 Hexes
 + Level 11.4 Charms
 + Level 8.7 Summonings
 + Level 4.6 Necromancy
 + Level 14.2 Translocations
 + Level 9.6 Ice Magic
 - Level 2.4 Invocations


You had 6 spell levels left.
You knew the following spells:

 Your Spells              Type           Power        Failure   Level  Hunger
a - Corona                Hex            ######.      0%          1    None
b - Ensorcelled Hibernat  Hex/Ice        ######       1%          2    None
c - Confuse               Hex            ######..     1%          3    None
d - Tukima's Dance        Hex            ######..     1%          3    None
e - Dazzling Spray        Conj/Hex       ######..     1%          3    None
f - Gell's Gravitas       Hex/Tloc       ######....   1%          3    None
g - Recall                Summ/Tloc      N/A          1%          3    None
h - Force Lance           Conj/Tloc      ######..     1%          4    None
i - Phase Shift           Tloc           ######....   1%          5    ##.....
j - Summon Forest         Summ/Tloc      ######....   1%          5    ##.....
k - Warp Weapon           Chrm/Tloc      ######....   1%          5    ##.....
l - Shroud of Golubria    Chrm/Tloc      ######....   1%          2    None
m - Regeneration          Chrm/Necr      #####.....   1%          3    None


Dungeon Overview and Level Annotations

Branches:
Dungeon (1/1)

Altars:
Cheibriados
Dithmenos
Elyvilon
Fedhas
Gozag
Kikubaaqudgha
Makhleb
Nemelex Xobeh
Okawaru
Qazlal
Ru
Sif Muna
Trog
Vehumet
Xom
Yredelemnul
Zin
The Shining One
Jiyva
Lugonu

Shops:
D :%[*[:?


Innate Abilities, Weirdness & Mutations

You are tiny and cannot use many weapons and most armour.
You have supernaturally acute eyesight.
You are a herbivore.
((You cover ground extremely quickly.))
You need consume almost no food.


Message History

Confirm with . or Enter, or press ? or * to list all spells.
Aiming: Confuse
Press: ? - help, Shift-Dir - straight line, f/p - yaktaur captain
Aim: a yaktaur captain, wielding an arbalest of chaos (lightly wounded, umbra, chance to defeat MR: 47%)
The yaktaur captain resists with some effort.
Your shadow mimicks your spell!
The yaktaur captain resists with almost no effort.
The yaktaur captain shoots a bolt.
The bolt hits you!!!
Ouch! That really hurt!
* * * LOW HITPOINT WARNING * * *
You emit a cloud of dark smoke.
You turn into a bat.
Your +5 quick blade melds into your body.
The +2 cloak of Weirdness {-Tele rElec MR+} melds into your body.
Your +0 hat of intelligence melds into your body.
Your +2 robe of fire resistance melds into your body.
You feel stupid.
You feel less resistant to fire.
You have lost your strength.
The yaktaur captain shoots a bolt.
The bolt hits you!!
You die...

##.......+..#..PPP.#
.#.#####.####......#
.'.#)..+.#).#....c.#
.#######.+..#......#
##.....#.####......#
,#..#..#.#..#......#
,#.#)#.#.'..#...(..#
,#....)#.#..#..§.§.#
,#)....#%#..'.§§b§^#
,#.#)#.+.#..#.§§§§.#
*#..#..#.#..#.§§§^^#
,#)....###########+#
,#######**********,*
,*,,,,,+,,,,*,,*≈≈,*
,*,******,,,*,,*≈≈,*
,*,,,+,,**,,*,,+,,,*
**,,,*,,,**,+,,*≈≈,*


You could see a yaktaur captain.

Vanquished Creatures
  Rupert (D)
  Gastronok (D)
  Dowan (D)
  A greater naga (D)
  Maud (D)
  Snorg (D)
  A fire dragon (D)
  3 hydras (D)
  A naga warrior (D)
  2 centaur warriors (D)
  6 anacondas (D)
  4 dancing weapons (D)
  4 death yaks (D)
  2 deep elf knights (D)
  3 death drakes (D)
  A spriggan druid (D)
  An unseen horror (D)
  A sea snake (shapeshifter) (D)
  2 deep elf conjurers (D)
  A lindwurm (D)
  A spectral hydra (D)
  An orc knight (D)
  An ugly thing (D)
  A wolf spider (shapeshifter) (D)
  4 black mambas (D)
  2 elephants (D)
  A guardian serpent (D)
  Duvessa (D)
  A komodo dragon (D)
  2 spiny frogs (D)
  2 deep elf priests (D)
  A fire drake (D)
  A queen bee (D)
  4 spriggan defenders (D)
  8 blink frogs (D)
  3 wandering mushrooms (D)
  3 orc high priests (D)
  3 slime creatures (D)
  A shadow (D)
  A redback (shapeshifter) (D)
  3 redbacks (D)
  2 spriggans (D)
  A spatial vortex (D)
  6 water moccasins (D)
  2 orc warriors (D)
  2 nagas (D)
  A swamp drake (D)
  A necrophage (D)
  2 centaurs (D)
  5 swamp dragon skeletons (D)
  An earth elemental (D)
  2 brain worms (D)
  A water elemental (D)
  32 killer bees (D)
  An electric eel (D)
  A jelly (D)
  A wizard (D)
  Crazy Yiuf (D)
  5 orc priests (D)
  An orc wizard (D)
  Jessica (D)
  A necromancer (D)
  A kobold demonologist (D)
  3 humans (D)
  4 adders (D)
  An ooze (D)
  10 orcs (D)
  2 rats (D)
  A plant (D)
175 creatures vanquished.

Vanquished Creatures (others)
  A deep elf blademaster (D)
  2 draconian scorchers (D)
  Nessos (D)
  A dire elephant (D)
  A mummy priest (D)
  A shadow wraith (D)
  A giant orange brain (D)
  5 ball lightnings (D)
  A molten gargoyle (D)
  3 yaktaurs (D)
  2 wasps (D)
  7 ballistomycetes (D)
  A bush (D)
  3 giant spores (D)
  34 plants (D)
64 creatures vanquished.

Grand Total: 239 creatures vanquished

Notes
Turn   | Place    | Note
--------------------------------------------------------------
     0 | D        | Kidiri the Spriggan Enchanter began the quest for the Orb.
     0 | D        | Reached XP level 1. HP: 9/9 MP: 5/5
     9 | D        | Reached skill level 5 in Stealth
    30 | D        | Noticed Jessica
    44 | D        | Killed Jessica
    44 | D        | Reached skill level 5 in Dodging
    44 | D        | Reached skill level 6 in Stealth
    44 | D        | Reached XP level 2. HP: 13/13 MP: 4/8
    44 | D        | Reached XP level 3. HP: 16/16 MP: 5/10
   144 | D        | Learned a level 2 spell: Ensorcelled Hibernation
   148 | D        | Learned a level 3 spell: Confuse
   152 | D        | Learned a level 3 spell: Tukima's Dance
   169 | D        | Noticed Crazy Yiuf
   172 | D        | Killed Crazy Yiuf
   172 | D        | Reached skill level 7 in Stealth
   172 | D        | Reached skill level 5 in Spellcasting
   178 | D        | Reached skill level 1 in Ice Magic
   178 | D        | Reached XP level 4. HP: 21/21 MP: 7/12
   183 | D        | Killed a white draconian scorcher
   188 | D        | Killed a white draconian scorcher
   207 | D        | Learned a level 3 spell: Dazzling Spray
   214 | D        | Gained mutation: You are partially covered in slimy green scales (AC +2). [potion of mutation]
   214 | D        | Gained mutation: Your body sometimes deteriorates upon taking damage. [potion of mutation]
   214 | D        | Gained mutation: Your muscles are strong. (Str +2) [potion of mutation]
   215 | D        | Gained mutation: You are dopey. (Int -2) [potion of mutation]
   215 | D        | Gained mutation: Your body often deteriorates upon taking damage. [potion of mutation]
   216 | D        | Lost mutation: You are dopey. (Int -2) [potion of cure mutation]
   216 | D        | Lost mutation: Your body often deteriorates upon taking damage. [potion of cure mutation]
   216 | D        | Lost mutation: Your muscles are strong. (Str +2) [potion of cure mutation]
   216 | D        | Lost mutation: You are partially covered in slimy green scales (AC +2). [potion of cure mutation]
   216 | D        | Lost mutation: Your body sometimes deteriorates upon taking damage. [potion of cure mutation]
   224 | D        | Noticed a water elemental
   227 | D        | Killed a water elemental
   227 | D        | Reached skill level 8 in Stealth
   227 | D        | Reached skill level 1 in Conjurations
   227 | D        | Reached skill level 5 in Hexes
   227 | D        | Reached XP level 5. HP: 24/24 MP: 12/14
   236 | D        | Noticed a jelly
   237 | D        | Noticed a shadow
   239 | D        | Killed a shadow
   239 | D        | Reached skill level 10 in Stealth
   239 | D        | Reached XP level 6. HP: 28/28 MP: 13/17
   243 | D        | Killed a jelly
   248 | D        | Found a stormy altar of Qazlal.
   249 | D        | Found a sacrificial altar of Ru.
   249 | D        | Found a burning altar of Makhleb.
   249 | D        | Found a viscous altar of Jiyva.
   249 | D        | Found a shimmering altar of Xom.
   249 | D        | Found a shadowy altar of Dithmenos.
   249 | D        | Found a sparkling altar of Nemelex Xobeh.
   249 | D        | Found a corrupted altar of Lugonu.
   249 | D        | Found an opulent altar of Gozag.
   249 | D        | Noticed a spatial vortex
   253 | D        | Became a worshipper of Dithmenos the Shadowed
   276 | D        | Killed a spatial vortex
   276 | D        | Reached skill level 5 in Short Blades
   276 | D        | Reached skill level 11 in Stealth
   276 | D        | Reached skill level 1 in Invocations
   321 | D        | Killed a yaktaur
   448 | D        | Found a radiant altar of Vehumet.
   449 | D        | Found a deep blue altar of Sif Muna.
   449 | D        | Found an ancient bone altar of Kikubaaqudgha.
   449 | D        | Noticed a wizard
   450 | D        | Killed a wizard
   452 | D        | Reached skill level 10 in Dodging
   466 | D        | Learned a level 3 spell: Gell's Gravitas
   470 | D        | Learned a level 3 spell: Recall
   475 | D        | Learned a level 4 spell: Force Lance
   488 | D        | Found a glowing silver altar of Zin.
   489 | D        | Found a glowing golden altar of the Shining One.
   489 | D        | Found a white marble altar of Elyvilon.
   489 | D        | Noticed a deep elf priest
   491 | D        | Killed a deep elf priest
   491 | D        | Reached skill level 1 in Summonings
   491 | D        | Reached XP level 7. HP: 32/32 MP: 18/20
   501 | D        | Found an iron altar of Okawaru.
   502 | D        | Found a bloodstained altar of Trog.
   502 | D        | Noticed a human
   502 | D        | Noticed a human
   504 | D        | Killed a human
   504 | D        | Reached skill level 12 in Stealth
   505 | D        | Killed a human
   505 | D        | Reached XP level 8. HP: 36/36 MP: 19/22
   522 | D        | Found a snail-covered altar of Cheibriados.
   522 | D        | Noticed a necrophage
   523 | D        | Found a basalt altar of Yredelemnul.
   523 | D        | Found a blossoming altar of Fedhas.
   523 | D        | Noticed a necromancer
   524 | D        | Killed a necrophage
   524 | D        | Acquired Dithmenos's first power
   525 | D        | Killed a necromancer
   547 | D        | Noticed Snorg
   554 | D        | Killed Snorg
   554 | D        | Reached skill level 13 in Stealth
   554 | D        | Reached skill level 10 in Spellcasting
   554 | D        | Reached skill level 5 in Translocations
   561 | D        | Learned a level 5 spell: Phase Shift
   706 | D        | Noticed an earth elemental
   709 | D        | Killed an earth elemental
   709 | D        | Reached XP level 9. HP: 39/39 MP: 24/24
   714 | D        | Noticed a centaur
   714 | D        | Noticed a centaur warrior
   714 | D        | Noticed a centaur
   716 | D        | Killed a centaur
   721 | D        | Killed a centaur warrior
   721 | D        | Acquired Dithmenos's second power
   721 | D        | Reached skill level 14 in Stealth
   721 | D        | Reached skill level 5 in Ice Magic
   725 | D        | Killed a centaur
   814 | D        | Noticed an orc priest
   817 | D        | Found Xuorph's Assorted Antiques.
   817 | D        | Noticed an orc wizard
   817 | D        | Noticed an orc priest
   817 | D        | Noticed an orc priest
   817 | D        | Noticed an orc knight
   817 | D        | Noticed an orc priest
   817 | D        | Noticed an orc warrior
   817 | D        | Noticed an orc warrior
   819 | D        | Killed an orc priest
   830 | D        | Killed an orc wizard
   832 | D        | Acquired Dithmenos's third power
   839 | D        | Killed an orc knight
   847 | D        | Killed an orc warrior
   850 | D        | Killed an orc priest
   850 | D        | Acquired Dithmenos's fourth power
   852 | D        | Killed an orc priest
   869 | D        | Killed an orc warrior
   875 | D        | Killed an orc priest
  1108 | D        | Noticed a deep elf priest
  1108 | D        | Noticed a deep elf conjurer
  1108 | D        | Noticed a deep elf knight
  1108 | D        | Noticed a deep elf conjurer
  1108 | D        | Noticed a deep elf knight
  1188 | D        | Killed a deep elf conjurer
  1188 | D        | Reached skill level 15 in Stealth
  1188 | D        | Reached XP level 10. HP: 42/44 MP: 12/27
  1195 | D        | Learned a level 5 spell: Summon Forest
  1269 | D        | Killed a deep elf priest
  1277 | D        | Killed a deep elf knight
  1277 | D        | Reached skill level 5 in Conjurations
  1280 | D        | Killed a yaktaur
  1293 | D        | Killed a deep elf conjurer
  1296 | D        | Killed a deep elf knight
  1296 | D        | Reached skill level 16 in Stealth
  1296 | D        | Reached skill level 10 in Hexes
  1440 | D        | Noticed a deep elf conjurer
  1496 | D        | Killed a yaktaur
  1497 | D        | Noticed an unseen horror
  1503 | D        | Killed an unseen horror
  1503 | D        | Reached skill level 15 in Dodging
  1503 | D        | Reached skill level 5 in Summonings
  1520 | D        | Noticed a killer bee
  1520 | D        | Noticed a killer bee
  1520 | D        | Noticed a killer bee
  1520 | D        | Noticed a killer bee
  1520 | D        | Noticed a killer bee
  1520 | D        | Noticed a killer bee
  1520 | D        | Noticed a killer bee
  1520 | D        | Noticed a killer bee
  1520 | D        | Noticed a killer bee
  1520 | D        | Noticed a killer bee
  1520 | D        | Noticed a killer bee
  1520 | D        | Noticed a killer bee
  1520 | D        | Noticed a killer bee
  1520 | D        | Noticed a queen bee
  1520 | D        | Noticed a killer bee
  1521 | D        | Noticed a killer bee
  1521 | D        | Noticed a killer bee
  1521 | D        | Noticed a killer bee
  1521 | D        | Noticed a killer bee
  1521 | D        | Noticed a killer bee
  1521 | D        | Noticed a killer bee
  1521 | D        | Noticed a killer bee
  1521 | D        | Noticed a killer bee
  1521 | D        | Noticed a killer bee
  1521 | D        | Noticed a killer bee
  1521 | D        | Noticed a killer bee
  1521 | D        | Noticed a killer bee
  1521 | D        | Noticed a killer bee
  1521 | D        | Noticed a killer bee
  1521 | D        | Noticed a killer bee
  1521 | D        | Noticed a killer bee
  1521 | D        | Noticed a killer bee
  1521 | D        | Noticed a killer bee
  1522 | D        | Killed a killer bee
  1526 | D        | Killed a killer bee
  1528 | D        | Killed a killer bee
  1530 | D        | Killed a killer bee
  1534 | D        | Killed a killer bee
  1536 | D        | Killed a killer bee
  1542 | D        | Killed a killer bee
  1544 | D        | Killed a killer bee
  1546 | D        | Killed a killer bee
  1548 | D        | Killed a killer bee
  1550 | D        | Killed a killer bee
  1686 | D        | Killed a killer bee
  1689 | D        | Killed a killer bee
  1691 | D        | Killed a killer bee
  1695 | D        | Killed a killer bee
  1698 | D        | Killed a killer bee
  1700 | D        | Killed a killer bee
  1702 | D        | Killed a killer bee
  1705 | D        | Killed a killer bee
  1707 | D        | Killed a killer bee
  1709 | D        | Killed a killer bee
  1711 | D        | Killed a killer bee
  1842 | D        | Killed a killer bee
  1845 | D        | Killed a killer bee
  1845 | D        | Killed a killer bee
  1847 | D        | Killed a killer bee
  1849 | D        | Killed a killer bee
  1853 | D        | Killed a killer bee
  1855 | D        | Killed a killer bee
  1857 | D        | Killed a killer bee
  1859 | D        | Killed a killer bee
  1861 | D        | Killed a killer bee
  1861 | D        | Reached XP level 11. HP: 47/47 MP: 6/29
  1863 | D        | Killed a queen bee
  1882 | D        | Learned a level 5 spell: Warp Weapon
  2042 | D        | Noticed a wandering mushroom
  2043 | D        | Noticed a wandering mushroom
  2043 | D        | Noticed a wandering mushroom
  2045 | D        | Killed a wandering mushroom
  2050 | D        | Killed a wandering mushroom
  2050 | D        | Reached skill level 17 in Stealth
  2050 | D        | Reached skill level 1 in Charms
  2052 | D        | Killed a wandering mushroom
  2086 | D        | Noticed a spiny frog
  2086 | D        | Noticed a komodo dragon
  2086 | D        | Noticed a spiny frog
  2090 | D        | Killed a spiny frog
  2091 | D        | Killed a spiny frog
  2093 | D        | Killed a komodo dragon
  2229 | D        | Noticed a swamp drake
  2229 | D        | Noticed a fire drake
  2230 | D        | Killed a fire drake
  2232 | D        | Killed a swamp drake
  2245 | D        | Noticed a blink frog
  2245 | D        | Noticed a blink frog
  2245 | D        | Noticed a blink frog
  2246 | D        | Noticed a blink frog
  2246 | D        | Noticed a blink frog
  2248 | D        | Killed a blink frog
  2250 | D        | Killed a blink frog
  2250 | D        | Reached skill level 10 in Translocations
  2258 | D        | Killed a blink frog
  2260 | D        | Killed a blink frog
  2263 | D        | Killed a blink frog
  2332 | D        | Noticed Rupert
  2334 | D        | Killed Rupert
  2334 | D        | Reached skill level 10 in Short Blades
  2334 | D        | Reached skill level 18 in Stealth
  2373 | D        | Learned a level 2 spell: Shroud of Golubria
  2374 | D        | Noticed a death yak
  2379 | D        | Noticed a death yak
  2379 | D        | Noticed a blink frog
  2379 | D        | Noticed an azure jelly
  2379 | D        | Noticed a death yak
  2379 | D        | Noticed an azure jelly
  2379 | D        | Noticed a blink frog
  2379 | D        | Noticed a death yak
  2380 | D        | Killed a death yak
  2380 | D        | Reached skill level 5 in Charms
  2381 | D        | Killed a death yak
  2382 | D        | Killed a blink frog
  2383 | D        | Noticed a blink frog
  2383 | D        | Noticed a black mamba
  2384 | D        | Killed a death yak
  2384 | D        | Reached skill level 15 in Spellcasting
  2385 | D        | Noticed a black mamba
  2386 | D        | Killed a death yak
  2386 | D        | Reached XP level 12. HP: 51/51 MP: 20/32
  2387 | D        | Killed a blink frog
  2388 | D        | Killed a blink frog
  2390 | D        | Killed a black mamba
  2390 | D        | Reached skill level 19 in Stealth
  2391 | D        | Killed a black mamba
  2393 | D        | Noticed a water moccasin
  2393 | D        | Noticed an anaconda
  2394 | D        | Noticed an anaconda
  2395 | D        | Killed a water moccasin
  2398 | D        | Killed an anaconda
  2401 | D        | Killed an anaconda
  2404 | D        | Noticed a black mamba
  2404 | D        | Noticed a water moccasin
  2404 | D        | Noticed an anaconda
  2404 | D        | Noticed a black mamba
  2404 | D        | Noticed an anaconda
  2404 | D        | Noticed a water moccasin
  2404 | D        | Noticed a water moccasin
  2404 | D        | Noticed an anaconda
  2405 | D        | Killed a black mamba
  2407 | D        | Killed an anaconda
  2409 | D        | Killed an anaconda
  2414 | D        | Killed a water moccasin
  2422 | D        | Killed an anaconda
  2817 | D        | Killed a water moccasin
  3008 | D        | Killed a black mamba
  3017 | D        | Killed a water moccasin
  3156 | D        | Noticed a water moccasin
  3156 | D        | Noticed an anaconda
  3156 | D        | Noticed a water moccasin
  3157 | D        | Killed a water moccasin
  3159 | D        | Killed an anaconda
  3167 | D        | Killed a water moccasin
  3252 | D        | Noticed a naga
  3252 | D        | Noticed a naga
  3253 | D        | Noticed a naga warrior
  3253 | D        | Noticed a greater naga
  3253 | D        | Found Nyusu's Book Boutique.
  3253 | D        | Found Mufetar's Food Emporium.
  3253 | D        | Found Golypna's Antique Armour Shop.
  3254 | D        | Killed a naga
  3255 | D        | Killed a naga
  3257 | D        | Killed a naga warrior
  3257 | D        | Reached skill level 20 in Stealth
  3258 | D        | Killed a greater naga
  3263 | D        | Learned a level 3 spell: Regeneration
  3278 | D        | Bought a glowing robe for 14 gold pieces
  3292 | D        | Noticed a guardian serpent
  3294 | D        | Killed a guardian serpent
  3297 | D        | Got a serpentine rune of Zot
  3373 | D        | Noticed an azure jelly
  3373 | D        | Noticed an azure jelly
  3374 | D        | Noticed an elephant
  3374 | D        | Noticed an elephant
  3374 | D        | Noticed a dire elephant
  3374 | D        | Noticed a dire elephant
  3374 | D        | Noticed Gastronok
  3376 | D        | Killed Gastronok
  3376 | D        | Reached skill level 1 in Necromancy
  3392 | D        | Killed an elephant
  3397 | D        | Killed an elephant
  3490 | D        | Banished a dire elephant
  3490 | D        | Reached XP level 13. HP: 55/55 MP: 7/34
  3700 | D        | Killed a ball lightning
  3700 | D        | Killed a ball lightning
  3700 | D        | Killed a ball lightning
  3700 | D        | Killed a ball lightning
  3700 | D        | Killed a molten gargoyle
  3700 | D        | Killed a ball lightning
  3730 | D        | Noticed a redback
  3732 | D        | Killed a redback
  3733 | D        | Noticed a brain worm
  3736 | D        | Killed a brain worm
  3741 | D        | Noticed a brain worm
  3743 | D        | Killed a brain worm
  3749 | D        | Noticed a lindwurm
  3751 | D        | Noticed a redback
  3752 | D        | Killed a lindwurm
  3754 | D        | Killed a redback
  3759 | D        | Noticed a redback
  3760 | D        | Killed a redback
  3761 | D        | Noticed Maud
  3763 | D        | Killed Maud
  3767 | D        | Noticed an electric eel
  3768 | D        | Noticed an eight-headed hydra
  3768 | D        | Noticed a six-headed hydra
  3770 | D        | Killed an electric eel
  3772 | D        | Killed an eight-headed hydra
  3773 | D        | Killed a six-headed hydra
  3773 | D        | Reached skill level 21 in Stealth
  3911 | D        | Noticed a death drake
  3914 | D        | Killed a death drake
  3924 | D        | Found a blossoming altar of Fedhas.
  3924 | D        | Noticed a spriggan
  3924 | D        | Noticed a spriggan druid
  3924 | D        | Noticed a spriggan
  3926 | D        | Killed a spriggan druid
  3926 | D        | Reached skill level 10 in Charms
  3927 | D        | Killed a spriggan
  3928 | D        | Killed a spriggan
  3956 | D        | Noticed a swamp dragon skeleton
  3959 | D        | Killed a swamp dragon skeleton
  3963 | D        | Noticed a death drake
  3965 | D        | Killed a death drake
  3967 | D        | Noticed a swamp dragon skeleton
  3968 | D        | Noticed a swamp dragon skeleton
  3968 | D        | Found Ruetozec's Antique Armour Emporium.
  3968 | D        | Found Cizaim's Book Shop.
  3968 | D        | Found Jyab's Magic Scroll Shoppe.
  3969 | D        | Killed a swamp dragon skeleton
  3971 | D        | Noticed a death drake
  3972 | D        | Killed a death drake
  3993 | D        | Killed a swamp dragon skeleton
  3998 | D        | Bought a faintly glowing cloak for 171 gold pieces
  4000 | D        | Bought a scroll of identify for 28 gold pieces
  4000 | D        | Bought 2 scrolls of identify for 56 gold pieces
  4000 | D        | Bought a scroll of enchant weapon for 105 gold pieces
  4000 | D        | Bought a scroll of enchant weapon for 105 gold pieces
  4003 | D        | Noticed a swamp dragon skeleton
  4003 | D        | Noticed a swamp dragon skeleton
  4013 | D        | Killed a swamp dragon skeleton
  4016 | D        | Killed a swamp dragon skeleton
  4158 | D        | Killed a wasp
  4228 | D        | Identified the +2 cloak of Weirdness {-Tele rElec MR+} (You bought it in a shop in the Dungeon)
  4234 | D        | Noticed a four-headed hydra
  4234 | D        | Noticed a spectral six-headed hydra
  4262 | D        | Killed a spectral six-headed hydra
  4272 | D        | Killed a wasp
  4541 | D        | Killed a four-headed hydra
  4548 | D        | Got a decaying rune of Zot
  4640 | D        | Noticed Dowan
  4640 | D        | Noticed Duvessa
  4645 | D        | Killed Dowan
  4681 | D        | Killed Duvessa
  4748 | D        | Killed a mummy priest
  4901 | D        | Noticed an orc high priest
  4901 | D        | Noticed an orc high priest
  4902 | D        | Noticed an orc high priest
  4902 | D        | Noticed an orc priest
  4903 | D        | Killed an orc high priest
  4904 | D        | Killed an orc high priest
  4906 | D        | Killed an orc high priest
  4907 | D        | Killed an orc priest
  4929 | D        | Killed a deep elf blademaster
  4985 | D        | Noticed a spriggan defender
  4986 | D        | Noticed a spriggan defender
  4986 | D        | Noticed a spriggan defender
  4986 | D        | Noticed a spriggan defender
  4987 | D        | Killed a spriggan defender
  4988 | D        | Killed a spriggan defender
  4990 | D        | Killed a spriggan defender
  4991 | D        | Killed a spriggan defender
  5112 | D        | Noticed a slime creature
  5113 | D        | Noticed a redback
  5115 | D        | Noticed a wolf spider
  5117 | D        | Killed a slime creature
  5119 | D        | Killed a wolf spider
  5132 | D        | Killed a redback
  5140 | D        | Killed a giant orange brain
  5144 | D        | Noticed a fire dragon
  5144 | D        | Noticed a sea snake
  5146 | D        | Killed a sea snake
  5148 | D        | Killed a fire dragon
  5157 | D        | Noticed a centaur warrior
  5161 | D        | Killed a centaur warrior
  5225 | D        | Killed a shadow wraith
  5226 | D        | Killed Nessos
  5236 | D        | Noticed a dire flail of holy wrath
  5236 | D        | Noticed a war axe of venom
  5237 | D        | Noticed a halberd of pain
  5237 | D        | Noticed a scimitar of draining
  5238 | D        | Killed a dire flail of holy wrath
  5238 | D        | Reached skill level 22 in Stealth
  5240 | D        | Killed a halberd of pain
  5242 | D        | Killed a scimitar of draining
  5244 | D        | Killed a war axe of venom
  5274 | D        | Noticed a slime creature
  5274 | D        | Noticed a brown ugly thing
  5275 | D        | Noticed a yaktaur captain
  5275 | D        | Noticed a slime creature
  5276 | D        | Killed a slime creature
  5277 | D        | Killed a brown ugly thing
  5279 | D        | Killed a slime creature
  5327 | D        | Lost strength.
  5329 | D        | Shot with a bolt by a yaktaur captain

Vault maps used:
D:        dungeon_sprint_mu

Action                   |  1- 3 |  4- 6 |  7- 9 | 10-12 | 13-15 || total
-------------------------+-------+-------+-------+-------+-------++-------
Melee: Dagger            |    15 |    17 |    44 |   115 |   122 ||   313
       Quick blade       |       |       |       |       |     3 ||     3
 Cast: Corona            |     1 |       |       |       |       ||     1
       Ensorcelled Hiber |     2 |       |    12 |    69 |     8 ||    91
       Dazzling Spray    |       |     5 |    15 |    19 |     7 ||    46
       Confuse           |       |       |     4 |     8 |     6 ||    18
       Phase Shift       |       |       |       |     2 |     1 ||     3
       Shroud of Golubri |       |       |       |     1 |     1 ||     2
       Warp Weapon       |       |       |       |     1 |     1 ||     2
Invok: Shadow Step       |       |       |     1 |    10 |    14 ||    25
  Use: Potion            |     2 |     3 |     2 |     3 |     2 ||    12
       Scroll            |       |     4 |       |       |     9 ||    13
 Stab: Sleeping          |     5 |     6 |    15 |    81 |    42 ||   149
       Invisible         |       |       |     3 |     2 |     1 ||     6
       Confused          |       |       |     1 |     1 |     2 ||     4
       Distracted        |       |       |     1 |       |       ||     1
  Eat: Bread ration      |       |       |       |     1 |       ||     1
